 Dungeon Crawl Stone Soup version 0.29.1-2-gbd0b4ee654 (webtiles) character file.

Game seed: 17638647484930196410

5750 Icepheonix32 the Nimble (level 10, -1/60 HPs)
             Began as an Octopode Transmuter on Nov 18, 2022.
             Was an Initiate of Gozag.
             Slain by a boulder beetle (54 damage)
             ... on level 9 of the Dungeon.
             The game lasted 00:28:20 (10032 turns).

Icepheonix32 the Nimble (Octopode Transmuter)      Turns: 10032, Time: 00:28:23

Health: -1/60      AC:  5    Str: 14    XL:     10   Next: 77%
Magic:  18/18      EV: 20    Int: 21    God:    Gozag
Gold:   249        SH:  4    Dex: 19    Spells: 2/20 levels left

rFire   x . .      SeeInvis +   k - +3 dagger (drain)
rCold   + . .      Faith    .   (no shield)
rNeg    . . .      Spirit   .   (helmet restricted)
rPois   .          Reflect  .   B - amulet "Keidam" {RegenMP Dex+4 SInv}
rElec   .          Harm     .   g - +4 ring of protection
rCorr   .          Rampage  .   o - +6 ring of intelligence
Will    .....                   A - ring of ice
Stlth   ++++......              (no ring)
HPRegen 0.20/turn               (no ring)
MPRegen 0.56/turn               (no ring)
                                (no ring)
                                (no ring)

@: no status effects
A: almost no armour, amphibious, 8 rings, camouflage 1, gelatinous body 1,
(nimble swimmer 1), tentacles, large bone plates 1, strong 1, wild magic 1
a: Renounce Religion, Potion Petition, Call Merchant, Bribe Branch


You were on level 9 of the Dungeon.
You worshipped Gozag.
Gozag was aware of your devotion.
You visited 2 branches of the dungeon, and saw 10 of its levels.

You collected 1237 gold pieces.
You spent 923 gold pieces at shops.
You paid 65 gold pieces to Gozag.

Inventory:

Hand Weapons
 i - the +10 mace of Ihuwn {elec, rElec Str+6}
   (You found it on level 4 of the Dungeon)

   It occasionally discharges a powerful burst of electricity upon striking a
   foe.
   Str:       It affects your strength (+6).
   rElec:     It insulates you from electricity.
 k - a +3 dagger of draining (weapon)
 K - a +6 long sword
Missiles
 s - 2 throwing nets
 H - 6 curare-tipped darts
 O - 5 silver javelins
Jewellery
 g - a +4 ring of protection (left tentacle)
 m - the amulet of Plog {Acrobat Harm Regen+ Str+3}
   (You found it on level 8 of the Dungeon)

   [amulet of the acrobat]

   It increases your evasion while moving and waiting.
   Str:       It affects your strength (+3).
   Regen:     It increases your rate of health regeneration.
   Harm:      It increases damage dealt and taken.
 o - a +6 ring of intelligence (right tentacle)
 t - an amulet of reflection
 u - an amulet of magic regeneration
 A - a ring of ice (on tentacle)
 B - the amulet "Keidam" (around mantle) {RegenMP Dex+4 SInv}
   (You found it on level 5 of the Dungeon)

   [amulet of magic regeneration]

   It increases your rate of magic regeneration.
   Dex:       It affects your dexterity (+4).
   SInv:      It lets you see invisible.
Wands
 a - a wand of polymorph (13)
 r - a wand of paralysis (4)
 w - a wand of digging (5)
 D - a wand of flame (19)
 G - a wand of mindburst (14)
Scrolls
 c - a scroll of noise
 e - 3 scrolls of enchant armour
 h - 4 scrolls of vulnerability
 j - 3 scrolls of poison
 n - 4 scrolls of teleportation
 x - a scroll of torment
 y - a scroll of magic mapping
 E - a scroll of summoning
 F - 2 scrolls of enchant weapon
 J - a scroll of silence {unknown}
 M - a scroll of identify
 N - a scroll of blinking
Potions
 b - 6 potions of curing
 d - 3 potions of flight
 f - a potion of resistance
 l - 2 potions of lignification
 p - a potion of berserk rage
 q - 3 potions of heal wounds
 v - a potion of haste
 z - a potion of invisibility
 C - a potion of mutation
 I - a potion of ambrosia
 L - a potion of degeneration


   Skills:
 + Level 2.1 Fighting
 - Level 1.4 Short Blades
 * Level 10.8 Dodging
 + Level 3.6 Stealth
 + Level 1.0 Shields
 + Level 5.3 Unarmed Combat
 + Level 5.7 Spellcasting
 + Level 8.1 Transmutations
 + Level 0.1 Fire Magic
 * Level 3.3 Ice Magic
 * Level 8.1 Poison Magic


You had 2 spell levels left.
You knew the following spells:

 Your Spells              Type           Power      Damage    Failure   Level
a - Beastly Appendage     Tmut           100%       N/A       1%          1
b - Spider Form           Tmut/Pois      51%        N/A       2%          3
c - Wereblood             Tmut           51%        N/A       1%          2
d - Alistair's Intoxicat  Tmut/Pois      34%        N/A       14%         5
e - Ice Form              Ice/Tmut       55%        N/A       14%         4
f - Ignite Poison         Fire/Tmut/Pois 37%        N/A       5%          3

Your spell library contained the following spells:

 Spells                   Type           Power      Damage    Failure   Level
 Apportation              Tloc           14%        N/A       14%         1
 Necrotise                Necr           28%        1d5       14%         1
 Summon Small Mammal      Summ           28%        N/A       14%         1
 Blink                    Tloc           14%        N/A       22%         2
 Sublimation of Blood     Necr           7%         N/A       22%         2
 Gell's Gravitas          Tloc           7%         N/A       38%         3
 Lesser Beckoning         Tloc           7%         N/A       38%         3
 Swiftness                Air            7%         N/A       38%         3
 Teleport Other           Tloc           7%         N/A       38%         3
 Hailstorm                Conj/Ice       25%        3d7       54%         4
 Leda's Liquefaction      Hex/Erth       3%         N/A       77%         4
 Lee's Rapid Deconstruct  Erth           3%         3d6*      97%         5
 Manifold Assault         Tloc           7%         N/A       97%         5
 Statue Form              Tmut/Erth      20%        N/A       98%         6
 Storm Form               Tmut/Air       15%        N/A       100%        7
 Summon Hydra             Summ           3%         N/A       100%        7
 Necromutation            Tmut/Necr      15%        N/A       100%        8
 Corpse Rot               Necr/Pois/Air  Unusable   N/A       N/A         4
 Simulacrum               Ice/Necr       Unusable   N/A       N/A         6

Dungeon Overview and Level Annotations

Branches:
Dungeon (9/15)             Temple (1/1) D:4
   Lair: D:8-11         Orc: D:9-12

Altars:
Elyvilon
Fedhas
Gozag
Hepliaklqana
Kikubaaqudgha
Makhleb
Nemelex Xobeh
Okawaru
Qazlal
Ru
Sif Muna
Uskayaw
Vehumet
Wu Jian
Xom
Yredelemnul
Zin
The Shining One

Shops:
D:5 =   D:7 :

Annotations:
Temple 2 transporters


Innate Abilities, Weirdness & Mutations

You cannot wear most types of armour.
You are amphibious.
You can wear up to eight rings at the same time.
Your skin changes colour to match your surroundings (Stealth+).
Your rubbery body absorbs attacks. (AC +1, EV +1)
((You are camouflaged when in or above water. (Stealth+)))
You have tentacles for arms and can constrict up to eight enemies at once.
You are partially covered in large bone plates. (SH +4)
Your muscles are strong. (Str +4, Int/Dex -1)
Your spells are a little harder to cast, but a little more powerful.


Message History

Unknown command.
Magic restored.
Your transformation is almost over.
Your transformation has ended.
Your +3 dagger of draining unmelds from your body.
You sense an unholy aura.
HP restored.
You now have 249 gold pieces (gained 23).
Things that are here:
a +0 giant club; a +3 dire flail Unknown command.
n - 4 scrolls of teleportation (gained 1)
A wizard comes into view. It is wielding a +0 dagger.
A water moccasin comes into view.
The water moccasin hisses angrily.
You block the water moccasin's attack.
You barely miss the water moccasin. Your grab misses the water moccasin.
You squeeze the water moccasin.
The water moccasin is lightly wounded.
The water moccasin barely misses you.
The boulder beetle curls into a ball and begins rolling!
You hit the water moccasin but do no damage.
You drain the water moccasin. Your grab misses the water moccasin.
Your tentacle-slap misses the water moccasin.
The water moccasin is lightly wounded.
The water moccasin misses you. x2
Unknown command.
The water moccasin attacks as you move away!
The water moccasin completely misses you.
The water moccasin attacks as you move away!
The water moccasin barely misses you. The water moccasin closely misses you.
The water moccasin attacks as you move away!
You block the water moccasin's attack.
The water moccasin attacks as you move away!
The water moccasin bites you!
The boulder beetle attacks as you move away!
The boulder beetle hits you!!!
Ouch! That really hurt!
You die...
Your body crumbles into a pile of gold.

## . ### #### ####.### ##.#
#.###..# #..#..#.###.# #....##.
##......#..... ###.).#.
..........##..## #.#.#. #
#......# #..# #.##.. .##
#.....# #..###### ##.##.. ...#
#.....# #@.##..### #..#...
#...##.....#
##SB......###......
#........####°°..#.............
##......○.○#.......####.....###
##..B.<.°.B...#####..# ###..##
# ##.............# ##.## #..##
# ...............#
#..####...### ##.............#
##.##...##..# #..#....##....#
#......# #..


You could see a boulder beetle (rolling) and a water moccasin (drained).

Vanquished Creatures
  A two-headed ogre (D:9)
  The ghost of gdog the Covert, a novice GnDe of Gozag (D:8)
  Pikel (D:7)
  A troll (D:8)
  Sigmund (D:2)
  A wyvern (shapeshifter) (D:8)
  A wraith (D:9)
  An acid dragon (D:8)
  2 water moccasins
  Duvessa (D:4)
  2 orc warriors
  An ice beast (D:5)
  A sky beast (D:6)
  A black bear (D:6)
  An ogre (D:4)
  3 centaurs
  4 lemures (D:7)
  A phantom (D:3)
  2 bullfrogs (D:7)
  2 necrophages
  2 scorpions (D:5)
  A wight (D:7)
  Dowan (D:4)
  A water moccasin zombie (D:7)
  A howler monkey (D:8)
  A bullfrog zombie (D:7)
  4 centaur zombies (D:7)
  A human zombie (D:7)
  A jelly (D:6)
  3 orc priests (D:7)
  2 hounds (D:7)
  An iron imp (D:5)
  Ijyb (D:3)
  Terence (D:2)
  Jessica (D:2)
  7 orc wizards
  An iguana (D:5)
  Natasha (thrice) (D:4)
  2 killer bee zombies (D:7)
  A mummy (D:7)
  Robin (D:4)
  A howler monkey zombie (D:7)
  6 adders
  5 gnolls (D:4)
  2 shadow imps
  A white imp (D:5)
  4 dart slugs
  38 orcs
  5 endoplasms
  A giant cockroach (D:2)
  20 goblins
  12 hobgoblins
  3 jackals (D:2)
  8 kobolds
  2 quokkas
  2 ball pythons
  7 bats
  6 frilled lizards
  2 goblin skeletons (D:5)
  A goblin zombie (D:5)
  6 hobgoblin zombies (D:5)
  2 kobold skeletons (D:5)
  An orc skeleton (D:5)
  2 orc zombies (D:5)
  4 rats
207 creatures vanquished.

Vanquished Creatures (others)
  2 plants (D:8)
2 creatures vanquished.

Grand Total: 209 creatures vanquished

Notes
Turn   | Place    | Note
-------+----------+-------------------------------------------
     0 | D:1      | Icepheonix32 the Octopode Transmuter began the quest for
                  | the Orb.
     0 | D:1      | Reached XP level 1. HP: 13/13 MP: 3/3
   242 | D:1      | Reached XP level 2. HP: 18/18 MP: 3/5
   742 | D:2      | Noticed Jessica
   750 | D:2      | Killed Jessica
   751 | D:2      | Reached skill level 3 in Dodging
   751 | D:2      | Reached XP level 3. HP: 18/23 MP: 4/6
  1102 | D:2      | Noticed Sigmund
  1115 | D:2      | Killed Sigmund
  1116 | D:2      | Reached skill level 4 in Dodging
  1116 | D:2      | Reached XP level 4. HP: 21/28 MP: 7/7
  1116 | D:2      | Reached XP level 5. HP: 25/33 MP: 8/8
  1121 | D:2      | Learned a level 3 spell: Spider Form
  1124 | D:2      | Learned a level 2 spell: Wereblood
  1287 | D:2      | Noticed Terence
  1304 | D:2      | Killed Terence
  1305 | D:2      | Reached XP level 6. HP: 34/38 MP: 3/9
  1385 | D:2      | Reached skill level 1 in Poison Magic
  1588 | D:2      | Reached skill level 1 in Short Blades
  1839 | D:3      | Noticed Ijyb
  1850 | D:3      | Killed Ijyb
  2005 | D:3      | Reached skill level 5 in Transmutations
  2005 | D:3      | Reached XP level 7. HP: 34/43 MP: 10/10
  2173 | D:3      | Found a radiant altar of Vehumet.
  2510 | D:3      | Got Sif Muna's Omnibus of the Metamorphic Birds
  3072 | D:4      | Noticed Robin
  3114 | D:4      | Killed Robin
  3217 | D:4      | Noticed Natasha
  3224 | D:4      | Killed Natasha
  3272 | D:4      | Reached skill level 9 in Dodging
  3272 | D:4      | Reached skill level 5 in Spellcasting
  3272 | D:4      | Reached XP level 8. HP: 48/48 MP: 10/16
  3279 | D:4      | Learned a level 5 spell: Alistair's Intoxication
  3334 | D:4      | Identified the +10 mace of Ihuwn {elec, rElec Str+6}
  3362 | D:4      | Reached skill level 1 in Stealth
  3366 | D:4      | Found an iron altar of Okawaru.
  3457 | D:4      | Noticed Duvessa
  3458 | D:4      | Noticed Dowan
  3463 | D:4      | Killed Dowan
  3472 | D:4      | Killed Duvessa
  3641 | D:4      | Found a staircase to the Ecumenical Temple.
  3648 | D:4      | Learned a level 4 spell: Ice Form
  3667 | Temple   | Entered the Ecumenical Temple
  3667 | Temple   | Found a transporter.
  3667 | Temple   | Found a transporter.
  3669 | Temple   | Found a transporter.
  3669 | Temple   | Found a transporter.
  3685 | Temple   | Became a worshipper of Gozag Ym Sagoz the Greedy
  3709 | D:4      | Noticed Natasha
  3768 | D:4      | Killed Natasha
  3951 | D:4      | Found a sacrificial altar of Ru.
  3986 | D:4      | Noticed Natasha
  4029 | D:4      | HP: 2/46 [Natasha (8)]
  4323 | D:4      | Killed Natasha
  4368 | D:5      | Entered Level 5 of the Dungeon
  4407 | D:5      | Found a white marble altar of Elyvilon.
  4569 | D:5      | Found a glowing golden altar of the Shining One.
  4690 | D:5      | Reached skill level 1 in Ice Magic
  4690 | D:5      | Reached XP level 9. HP: 13/54 MP: 14/17
  5041 | D:5      | Found a glowing silver altar of Zin.
  5222 | D:5      | Found Utuog's Jewellery Shop.
  5234 | D:5      | Bought a ring of ice for 325 gold pieces
  5339 | D:5      | Identified the amulet "Keidam" {RegenMP Dex+4 SInv}
  5843 | D:6      | Reached skill level 10 in Dodging
  6598 | D:7      | Found Galiuz's Book Shop.
  6612 | D:7      | Bought the Papyrus of Ghoulish Transmutation for 156 gold
                  | pieces
  6616 | D:7      | Learned a level 3 spell: Ignite Poison
  6681 | D:7      | Noticed Pikel
  6734 | D:7      | Killed Pikel
  7310 | D:7      | Reached XP level 10. HP: 47/60 MP: 10/18
  7488 | D:7      | Found a hide-covered altar of Uskayaw.
  8031 | D:7      | Found a basalt altar of Yredelemnul.
  8082 | D:7      | Reached skill level 5 in Unarmed Combat
  8386 | D:7      | Bought an Inescapable Atlas for 442 gold pieces
  8511 | D:8      | Found a runed translucent gate.
  8511 | D:8      | Found a runed translucent gate.
  8543 | D:8      | Reached skill level 1 in Shields
  8658 | D:8      | Found a sparkling altar of Nemelex Xobeh.
  9090 | D:8      | Found a blossoming altar of Fedhas.
  9172 | D:8      | Found a runed translucent gate.
  9173 | D:8      | Noticed gdog's ghost (novice GnDe)
  9231 | D:8      | Killed gdog's ghost
  9240 | D:8      | Identified the amulet of Plog {Acrobat Harm Regen+ Str+3}
  9259 | D:8      | Gained mutation: Your spells are a little harder to cast,
                  | but a little more powerful. [potion of mutation]
  9259 | D:8      | Gained mutation: Your muscles are strong. (Str +4, Int/Dex
                  | -1) [potion of mutation]
  9259 | D:8      | Gained mutation: You are partially covered in large bone
                  | plates. (SH +4) [potion of mutation]
  9433 | D:9      | Noticed a boulder beetle
  9435 | D:9      | Noticed an unseen horror
  9438 | D:9      | Noticed a cyclops
  9465 | D:8      | an unseen horror changed into a basilisk
  9775 | D:9      | Noticed a centaur warrior
  9829 | D:9      | Noticed a two-headed ogre
  9842 | D:9      | Killed a two-headed ogre
  9973 | D:9      | Noticed a wizard
 10032 | D:9      | Slain by a boulder beetle

Illustrated notes

Levels and vault maps discovered:
D:1:      dpeg_arrival_rhombus, layout_loops_ring,
          hangedman_decor_clover_reticule
D:2:      layout_loops_ring, minmay_pentomino_v4, uniq_sigmund, uniq_jessica,
          uniq_terence
D:3:      corexii_shack_village, layout_loops_ring, mainiacjoe_overflow_catwalk,
          uniq_ijyb
D:4:      layout_rooms, nicolae_ru_path_of_blood, okawaru_altar_gauntlet_db,
          minmay_temple_entry_slanted, uniq_duvessa, uniq_natasha, uniq_robin
D:5:      layout_loops_cross, nicolae_tso_besieged_by_evil, old_standard_altar,
          zin_academy, serial_shops, nicolae_shop_temple_entry_statues_fountains
D:6:      layout_basic
D:7:      layout_layer_cave, lemuel_mausoleum_altar_yredelemnul,
          nicolae_uskayaw_murder_on_the_dancefloor, serial_shops, shop,
          uniq_pikel
D:8:      layout_rooms, lemuel_doored_altar, nemelex_diamond_rough_becter,
          ebering_ghost_rock_garden, serial_bayou_pond_d
D:9:      minmay_cut_squares, layout_layer_cave,
          gammafunk_temple_overflow_statue, hellmonk_guarded_unrand_frostbite,
          uniq_harold, uniq_psyche
Temple:   hellmonk_temple_divided_pantheon

Skill      XL: |  1  2  3  4  5  6  7  8  9 10 |
---------------+-------------------------------+-----
Dodging        | 3 4 9 10 | 10.8
Transmutations | 3 4 5 7 8 |  8.1
Poison Magic   | 2 7 8 |  8.1
Short Blades   | 1 |  1.4
Spellcasting   | 5 |  5.7
Stealth        | 2 3 |  3.6
Ice Magic      | 1 2 3 |  3.3
Unarmed Combat | 4 5 |  5.3
Shields        | 1 |  1.0
Fighting       | 2 |  2.1
Fire Magic     | |  0.1

Action                   |  1- 3 |  4- 6 |  7- 9 | 10-12 || total
-------------------------+-------+-------+-------+-------++-------
Melee: Unarmed           |    31 |    10 |   189 |   142 ||   372
       Kick              |     7 |     9 |     8 |       ||    24
       Constrict         |     8 |    14 |    44 |     2 ||    68
       Tentacles         |     8 |    13 |    35 |     3 ||    59
       Dagger            |    13 |    58 |   210 |    15 ||   296
       Punch             |       |     2 |     9 |     1 ||    12
 Cast: Beastly Appendage |    10 |    10 |    12 |       ||    32
       Wereblood         |       |     2 |     6 |     3 ||    11
       Spider Form       |       |     1 |     9 |     7 ||    17
       Alistair's Intoxi |       |       |     5 |     1 ||     6
       Ignite Poison     |       |       |     2 |     5 ||     7
       Ice Form          |       |       |     2 |     4 ||     6
Evoke: Wand              |       |       |     1 |     1 ||     2
  Use: Scroll            |     1 |       |    13 |     7 ||    21
       Potion            |       |       |     7 |     6 ||    13
 Stab: Sleeping          |     4 |     6 |    19 |     6 ||    35
       Confused          |       |       |     2 |       ||     2
Armor: Skin              |     2 |    14 |   136 |    41 ||   193
Dodge: Dodged            |    32 |    41 |   295 |   147 ||   515
Block: Other             |       |       |    51 |    29 ||    80
       Reflection        |       |       |     1 |       ||     1
